General information
			
			
        
        - name: BNet
 
        - type: Ladder team game (AT/RT)
 
        - host: Battle.net
 
        - saver: ball_sweets
 
        
map: SilverpineForest 
        - players: 6
 
        - length: 89:59
 
        - speed: Fast
 - version: 1.22 W3XP
 - replay type:  Public
 
» download(688 KB)
Players
        team 1 (loser) 
              
              
00000000000000 (
red | 72 APM | 5870 actions | 82:03)
              
 4 Death Knight 
 2 Death Coil
 1 Unholy Aura
 1 Death Pact
 4 Dreadlord 
 2 Sleep
 2 Vampiric Aura
 
                » actions 
                
                | Assign group hotkey | 501 |  | 
| Basic commands | 10 |  | 
| Build / train | 52 |  | 
| ESC pressed | 1 |  | 
| Enter build submenu | 20 |  | 
| Enter hero's abilities submenu | 10 |  | 
| Remove unit from queue | 1 |  | 
| Right click | 2904 |  | 
| Select / deselect | 1033 |  | 
| Select group hotkey | 1144 |  | 
| Use ability | 191 |  | 
                5870 total
 » units 
                
                | Acolyte | 4 |  | 
| Ghoul | 4 |  | 
| Crypt Fiend | 14 |  | 
| Obsidian Statue | 3 |  | 
| Frost Wyrm | 2 |  | 
                27 total
 » upgrades
                
                | Creature Attack | 2 |  | 
| Burrow | 1 |  | 
| Web | 1 |  | 
| Freezing Breath | 1 |  | 
                5 total
 » buildings
                
                | Graveyard | 1 |  | 
| Crypt | 1 |  | 
| Altar of Darkness | 1 |  | 
| Ziggurat | 9 |  | 
| Tomb of Relics | 1 |  | 
| Nerubian Tower | 1 |  | 
| Halls of the Dead | 1 |  | 
| Slaughterhouse | 1 |  | 
| Black Citadel | 1 |  | 
| Sacrificial Pit | 1 |  | 
| Boneyard | 2 |  | 
| Spirit Tower | 2 |  | 
                22 total
 » build order
                00:06 Graveyard
00:10 Crypt
00:40 Altar of Darkness
00:56 Ziggurat
00:59 Ziggurat
01:25 Tomb of Relics
01:58 Ziggurat
02:35 Nerubian Tower
04:21 Halls of the Dead
04:53 Ziggurat
05:27 Ziggurat
06:47 Slaughterhouse
09:07 Black Citadel
09:40 Ziggurat
11:56 Sacrificial Pit
12:19 Ziggurat
13:04 Boneyard
14:07 Boneyard
15:27 Spirit Tower
16:04 Ziggurat
16:07 Ziggurat
18:04 Spirit Tower
» items
                 
               
              
              
ggjoi (
green | 139 APM | 11198 actions | 80:49)
              
 8 Archmage 
 3 Summon Water Elemental
 3 Brilliance Aura
 1 Mass Teleport
 1 Blizzard
 5 Mountain King 
 3 Storm Bolt
 2 Bash
 1 Paladin 
 1 Holy Light
 
                » actions 
                
                | Assign group hotkey | 79 |  | 
| Basic commands | 956 |  | 
| Build / train | 350 |  | 
| ESC pressed | 39 |  | 
| Enter build submenu | 113 |  | 
| Enter hero's abilities submenu | 14 |  | 
| Give item / drop item | 8 |  | 
| Right click | 3696 |  | 
| Select / deselect | 1999 |  | 
| Select group hotkey | 3445 |  | 
| Use ability | 499 |  | 
                11198 total
 » units 
                
                | Peasant | 44 |  | 
| Footman | 9 |  | 
| Rifleman | 10 |  | 
| Sorceress | 13 |  | 
| Mortar Team | 15 |  | 
| Priest | 14 |  | 
| Spell Breaker | 10 |  | 
| Knight | 21 |  | 
| Dragonhawk Rider | 3 |  | 
| Siege Engine | 10 |  | 
| Gryphon Rider | 6 |  | 
                155 total
 » upgrades
                
                | Lumber Harvesting | 2 |  | 
| Masonry | 3 |  | 
| Flare | 1 |  | 
| Gunpowder | 3 |  | 
| Long Rifles | 1 |  | 
| Sorceress Training | 2 |  | 
| Priest Training | 2 |  | 
| Fragmentation Shards | 1 |  | 
| Animal War Training | 1 |  | 
| Plating | 4 |  | 
| Armor | 3 |  | 
| Swords | 3 |  | 
| Magic Sentry | 1 |  | 
| Cloud | 1 |  | 
| Barrage | 1 |  | 
| Storm Hammers | 1 |  | 
                30 total
 » buildings
                
                | Barracks | 1 |  | 
| Altar of Kings | 1 |  | 
| Farm | 17 |  | 
| Scout Tower | 78 |  | 
| Arcane Tower | 32 |  | 
| Arcane Vault | 2 |  | 
| Town Hall | 7 |  | 
| Keep | 1 |  | 
| Blacksmith | 1 |  | 
| Lumber Mill | 1 |  | 
| Workshop | 3 |  | 
| Arcane Sanctum | 1 |  | 
| Guard Tower | 55 |  | 
| Castle | 1 |  | 
| Cannon Tower | 1 |  | 
| Gryphon Aviary | 4 |  | 
                206 total
 » build order
                00:13 Barracks
00:20 Altar of Kings
00:24 Farm
00:48 Farm
01:36 Scout Tower
01:49 Farm
02:23 Arcane Tower
03:31 Arcane Vault
04:03 Scout Tower
04:14 Town Hall
04:24 Arcane Tower
04:24 Arcane Tower
04:45 Scout Tower
05:13 Farm
05:16 Arcane Tower
05:20 Farm
06:23 Keep
06:27 Blacksmith
06:37 Lumber Mill
06:44 Farm
06:46 Farm
06:47 Farm
07:00 Farm
07:04 Farm
08:31 Scout Tower
08:31 Scout Tower
08:54 Workshop
08:57 Arcane Sanctum
09:15 Scout Tower
09:35 Guard Tower
09:54 Scout Tower
09:55 Guard Tower
09:55 Guard Tower
10:00 Scout Tower
10:02 Scout Tower
10:04 Scout Tower
10:41 Guard Tower
11:10 Guard Tower
11:10 Guard Tower
11:11 Guard Tower
11:53 Scout Tower
11:54 Scout Tower
12:36 Guard Tower
13:43 Scout Tower
13:48 Scout Tower
13:50 Scout Tower
14:23 Guard Tower
15:10 Castle
15:11 Guard Tower
17:15 Scout Tower
17:16 Scout Tower
17:19 Scout Tower
17:20 Scout Tower
18:21 Guard Tower
18:21 Guard Tower
18:22 Farm
18:23 Farm
18:24 Farm
18:24 Farm
18:53 Scout Tower
18:54 Scout Tower
19:31 Arcane Tower
20:30 Arcane Vault
20:34 Arcane Tower
22:00 Farm
28:10 Town Hall
29:03 Scout Tower
29:06 Scout Tower
31:34 Scout Tower
31:35 Scout Tower
31:36 Scout Tower
31:37 Scout Tower
33:59 Arcane Tower
34:00 Guard Tower
34:00 Guard Tower
34:51 Town Hall
34:54 Town Hall
36:03 Scout Tower
36:07 Scout Tower
37:06 Arcane Tower
37:27 Scout Tower
37:30 Scout Tower
37:30 Scout Tower
37:58 Guard Tower
38:02 Scout Tower
38:06 Scout Tower
38:09 Scout Tower
38:25 Cannon Tower
38:28 Guard Tower
38:32 Scout Tower
38:49 Guard Tower
38:49 Guard Tower
38:57 Guard Tower
42:22 Scout Tower
42:28 Scout Tower
42:29 Scout Tower
43:22 Arcane Tower
43:22 Arcane Tower
43:24 Arcane Tower
43:50 Guard Tower
43:50 Guard Tower
44:45 Scout Tower
45:03 Arcane Tower
45:03 Arcane Tower
45:05 Scout Tower
45:12 Town Hall
46:17 Arcane Tower
46:19 Scout Tower
46:22 Scout Tower
46:23 Scout Tower
46:27 Scout Tower
46:28 Scout Tower
47:24 Guard Tower
47:24 Guard Tower
47:44 Guard Tower
47:47 Guard Tower
47:47 Guard Tower
47:47 Guard Tower
47:48 Guard Tower
48:40 Guard Tower
48:40 Guard Tower
49:14 Gryphon Aviary
49:49 Gryphon Aviary
49:54 Gryphon Aviary
50:16 Farm
52:48 Scout Tower
52:49 Scout Tower
52:52 Scout Tower
52:53 Scout Tower
52:54 Scout Tower
52:57 Scout Tower
53:29 Town Hall
55:39 Workshop
55:41 Workshop
57:32 Arcane Tower
57:34 Arcane Tower
59:31 Town Hall
60:02 Scout Tower
60:22 Arcane Tower
60:22 Arcane Tower
60:25 Scout Tower
60:26 Scout Tower
60:35 Scout Tower
60:35 Scout Tower
60:44 Scout Tower
60:46 Scout Tower
60:47 Scout Tower
60:48 Scout Tower
60:50 Scout Tower
60:51 Scout Tower
60:54 Guard Tower
61:54 Scout Tower
61:56 Scout Tower
62:00 Guard Tower
62:00 Guard Tower
62:04 Scout Tower
62:05 Scout Tower
62:24 Arcane Tower
62:29 Scout Tower
62:32 Scout Tower
62:40 Scout Tower
62:44 Scout Tower
62:44 Scout Tower
62:56 Arcane Tower
62:57 Arcane Tower
62:58 Guard Tower
63:10 Guard Tower
63:13 Scout Tower
63:15 Scout Tower
63:15 Scout Tower
64:00 Arcane Tower
64:00 Arcane Tower
64:06 Scout Tower
64:48 Arcane Tower
64:49 Guard Tower
64:56 Scout Tower
65:54 Guard Tower
65:54 Guard Tower
65:55 Scout Tower
66:13 Guard Tower
66:13 Guard Tower
72:10 Gryphon Aviary
74:29 Farm
» items
                
                | Potion of Lesser Invulnerability | 4 |  | 
| Boots of Speed | 3 |  | 
| Circlet of Nobility | 1 |  | 
| Staff of Teleportation | 1 |  | 
| Lesser Clarity Potion | 9 |  | 
| Orb of Fire | 2 |  | 
| Potion of Healing | 7 |  | 
| Staff of Sanctuary | 2 |  | 
| Scroll of Regeneration | 3 |  | 
| Scroll of Town Portal | 3 |  | 
| Healing Salve | 1 |  | 
| Scroll of Speed | 1 |  | 
| Tome of Retraining | 1 |  | 
                38 total
  
               
              
              
MountainSplooge (
orange | 89 APM | 8018 actions | 89:58)
              
 7 Tauren Chieftain 
 2 War Stomp
 3 Endurance Aura
 1 Reincarnation
 1 Shockwave
 5 Shadow Hunter 
 2 Hex
 3 Healing Wave
 
                » actions 
                
                | Assign group hotkey | 84 |  | 
| Basic commands | 268 |  | 
| Build / train | 195 |  | 
| ESC pressed | 12 |  | 
| Enter build submenu | 77 |  | 
| Enter hero's abilities submenu | 12 |  | 
| Give item / drop item | 18 |  | 
| Remove unit from queue | 17 |  | 
| Right click | 4167 |  | 
| Select / deselect | 1372 |  | 
| Select group hotkey | 1415 |  | 
| Use ability | 379 |  | 
                8018 total
 » units 
                
                | Peon | 27 |  | 
| Grunt | 14 |  | 
| Tauren | 13 |  | 
| Demolisher | 20 |  | 
| Goblin Shredder | 1 |  | 
| Goblin Sapper | 4 |  | 
| Goblin Zeppelin | 1 |  | 
                80 total
 » upgrades
                
                | Melee Weapons | 3 |  | 
| Armor | 3 |  | 
| Pulverize | 1 |  | 
| Reinforced Defenses | 1 |  | 
| Burning Oil | 1 |  | 
| Ranged Weapons | 2 |  | 
| Spiked Barricades | 2 |  | 
                13 total
 » buildings
                
                | Altar of Storms | 1 |  | 
| Orc Burrow | 8 |  | 
| Barracks | 1 |  | 
| Voodoo Lounge | 5 |  | 
| Stronghold | 4 |  | 
| War Mill | 1 |  | 
| Fortress | 4 |  | 
| Tauren Totem | 2 |  | 
| Watch Tower | 42 |  | 
| Great Hall | 4 |  | 
| Beastiary | 1 |  | 
                73 total
 » build order
                00:09 Altar of Storms
00:17 Orc Burrow
00:25 Barracks
01:25 Orc Burrow
02:22 Voodoo Lounge
02:55 Orc Burrow
03:39 Stronghold
03:39 Stronghold
05:04 War Mill
05:51 Orc Burrow
05:54 Orc Burrow
06:34 Fortress
06:34 Fortress
06:35 Fortress
10:12 Tauren Totem
10:13 Tauren Totem
10:40 Orc Burrow
11:14 Orc Burrow
13:48 Orc Burrow
14:18 Watch Tower
19:28 Watch Tower
19:30 Watch Tower
19:31 Watch Tower
19:32 Watch Tower
19:35 Watch Tower
20:57 Watch Tower
21:00 Watch Tower
29:55 Great Hall
33:59 Great Hall
34:02 Great Hall
36:01 Watch Tower
36:04 Watch Tower
36:05 Watch Tower
38:07 Watch Tower
38:08 Watch Tower
38:14 Watch Tower
39:21 Watch Tower
39:33 Watch Tower
40:20 Watch Tower
40:25 Watch Tower
44:04 Watch Tower
44:08 Watch Tower
46:23 Watch Tower
47:10 Watch Tower
48:30 Watch Tower
49:02 Watch Tower
49:08 Watch Tower
49:16 Watch Tower
51:38 Watch Tower
51:55 Watch Tower
51:56 Watch Tower
53:19 Watch Tower
55:25 Watch Tower
60:12 Voodoo Lounge
73:19 Watch Tower
73:20 Watch Tower
73:21 Watch Tower
73:21 Watch Tower
73:23 Watch Tower
73:26 Watch Tower
73:27 Watch Tower
73:27 Watch Tower
73:30 Watch Tower
73:31 Watch Tower
76:51 Stronghold
79:16 Beastiary
79:24 Watch Tower
80:48 Great Hall
84:54 Voodoo Lounge
85:15 Voodoo Lounge
85:17 Voodoo Lounge
» items
                
                | Boots of Speed | 5 |  | 
| Lesser Clarity Potion | 5 |  | 
| Healing Salve | 5 |  | 
| Scroll of Speed | 4 |  | 
| Orb of Lightning | 1 |  | 
| Pendant of Energy | 1 |  | 
| Orb of Corruption | 1 |  | 
| Scroll of Town Portal | 7 |  | 
| Legion Doom-Horn | 2 |  | 
| Potion of Healing | 6 |  | 
| Helm of Valor | 1 |  | 
| Khadgar's Gem of Health | 1 |  | 
| Tome of Retraining | 1 |  | 
                40 total
  
               team 2 (winner) 
              
              
ball_sweets (
teal | 57 APM | 5174 actions | 89:59)
              
 9 Blademaster 
 3 Wind Walk
 3 Critical Strike
 1 Bladestorm
 2 Mirror Image
 
                » actions 
                
                | Assign group hotkey | 16 |  | 
| Basic commands | 116 |  | 
| Build / train | 106 |  | 
| ESC pressed | 4 |  | 
| Enter build submenu | 64 |  | 
| Enter hero's abilities submenu | 9 |  | 
| Give item / drop item | 10 |  | 
| Right click | 2857 |  | 
| Select / deselect | 395 |  | 
| Select group hotkey | 1252 |  | 
| Use ability | 345 |  | 
                5174 total
 » units 
                
                | Peon | 32 |  | 
| Troll Batrider | 8 |  | 
| Wind Rider | 11 |  | 
| Goblin Zeppelin | 1 |  | 
                52 total
 » upgrades
                
                | Liquid Fire | 2 |  | 
| Ranged Weapons | 3 |  | 
| Armor | 2 |  | 
| Envenomed Spears | 1 |  | 
                8 total
 » buildings
                
                | Altar of Storms | 3 |  | 
| Orc Burrow | 15 |  | 
| War Mill | 1 |  | 
| Voodoo Lounge | 5 |  | 
| Watch Tower | 29 |  | 
| Stronghold | 3 |  | 
| Fortress | 2 |  | 
| Beastiary | 5 |  | 
| Great Hall | 4 |  | 
                67 total
 » build order
                00:08 Altar of Storms
00:18 Orc Burrow
00:30 War Mill
01:33 Voodoo Lounge
01:52 Watch Tower
02:06 Orc Burrow
02:25 Watch Tower
03:13 Watch Tower
03:16 Watch Tower
04:24 Watch Tower
04:35 Watch Tower
05:16 Stronghold
05:16 Stronghold
05:20 Watch Tower
05:27 Watch Tower
06:15 Watch Tower
06:18 Watch Tower
07:12 Watch Tower
07:15 Watch Tower
08:13 Fortress
08:16 Beastiary
08:24 Beastiary
10:32 Orc Burrow
10:33 Orc Burrow
15:08 Watch Tower
15:08 Watch Tower
16:41 Watch Tower
16:43 Watch Tower
16:47 Watch Tower
16:56 Watch Tower
17:00 Watch Tower
17:02 Watch Tower
17:03 Watch Tower
17:07 Watch Tower
17:12 Watch Tower
18:39 Beastiary
18:40 Beastiary
18:42 Orc Burrow
18:44 Orc Burrow
18:47 Orc Burrow
19:58 Altar of Storms
20:05 Orc Burrow
20:08 Voodoo Lounge
20:13 Orc Burrow
20:13 Orc Burrow
20:47 Watch Tower
20:48 Watch Tower
20:50 Watch Tower
20:50 Watch Tower
20:56 Watch Tower
20:57 Watch Tower
21:16 Orc Burrow
21:30 Voodoo Lounge
27:16 Great Hall
27:45 Orc Burrow
27:46 Altar of Storms
28:46 Orc Burrow
31:55 Voodoo Lounge
32:04 Voodoo Lounge
33:53 Orc Burrow
34:01 Orc Burrow
34:55 Great Hall
34:58 Great Hall
35:37 Great Hall
37:36 Stronghold
40:37 Fortress
48:36 Beastiary
» items
                
                | Boots of Speed | 4 |  | 
| Staff of Teleportation | 4 |  | 
| Lesser Clarity Potion | 10 |  | 
| Healing Salve | 3 |  | 
| Scroll of Speed | 1 |  | 
| Orb of Lightning | 1 |  | 
| Helm of Valor | 1 |  | 
| Tiny Great Hall | 1 |  | 
| Claws of Attack +12 | 1 |  | 
| Potion of Mana | 3 |  | 
                29 total
  
               
              
              
kunt.roII (
yellow | 117 APM | 10548 actions | 89:58)
              
 7 Pandaren Brewmaster 
 3 Breath of Fire
 3 Drunken Haze
 1 Storm Earth and Fire
 7 Mountain King 
 3 Storm Bolt
 3 Bash
 1 Avatar
 7 Paladin 
 3 Holy Light
 3 Divine Shield
 1 Devotion Aura
 
                » actions 
                
                | Assign group hotkey | 62 |  | 
| Basic commands | 211 |  | 
| Build / train | 210 |  | 
| ESC pressed | 25 |  | 
| Enter build submenu | 108 |  | 
| Enter hero's abilities submenu | 22 |  | 
| Give item / drop item | 27 |  | 
| Right click | 4310 |  | 
| Select / deselect | 689 |  | 
| Select group hotkey | 4161 |  | 
| Use ability | 723 |  | 
                10548 total
 » units 
                
                | Peasant | 27 |  | 
| Priest | 3 |  | 
| Sorceress | 4 |  | 
| Dragonhawk Rider | 13 |  | 
                47 total
 » upgrades
                
                | Masonry | 3 |  | 
| Magic Sentry | 1 |  | 
| Sorceress Training | 2 |  | 
| Priest Training | 2 |  | 
| Lumber Harvesting | 2 |  | 
| Cloud | 1 |  | 
| Armor | 3 |  | 
| Animal War Training | 1 |  | 
| Swords | 3 |  | 
                18 total
 » buildings
                
                | Altar of Kings | 1 |  | 
| Farm | 12 |  | 
| Scout Tower | 111 |  | 
| Lumber Mill | 2 |  | 
| Arcane Tower | 2 |  | 
| Guard Tower | 63 |  | 
| Keep | 3 |  | 
| Arcane Vault | 1 |  | 
| Castle | 1 |  | 
| Arcane Sanctum | 1 |  | 
| Town Hall | 2 |  | 
| Barracks | 3 |  | 
| Blacksmith | 2 |  | 
| Gryphon Aviary | 3 |  | 
                207 total
 » build order
                00:08 Altar of Kings
00:10 Farm
00:23 Scout Tower
00:39 Lumber Mill
00:52 Arcane Tower
01:10 Farm
01:48 Scout Tower
01:52 Scout Tower
01:56 Scout Tower
02:15 Scout Tower
02:18 Guard Tower
02:32 Guard Tower
02:34 Scout Tower
02:35 Scout Tower
02:51 Farm
03:10 Guard Tower
03:15 Scout Tower
04:29 Guard Tower
04:46 Keep
04:47 Keep
04:47 Keep
05:34 Scout Tower
05:35 Scout Tower
05:35 Scout Tower
05:36 Scout Tower
05:37 Scout Tower
05:38 Scout Tower
06:05 Scout Tower
06:06 Scout Tower
06:25 Guard Tower
06:26 Guard Tower
06:29 Scout Tower
06:34 Arcane Vault
06:43 Guard Tower
06:43 Guard Tower
06:48 Arcane Tower
07:15 Farm
08:00 Castle
08:28 Arcane Sanctum
09:27 Guard Tower
09:31 Scout Tower
09:31 Scout Tower
09:32 Scout Tower
10:31 Farm
10:32 Farm
10:33 Farm
10:37 Guard Tower
10:48 Scout Tower
10:49 Scout Tower
11:24 Scout Tower
11:25 Scout Tower
12:29 Guard Tower
13:34 Scout Tower
13:35 Scout Tower
13:35 Scout Tower
13:36 Scout Tower
14:28 Guard Tower
14:29 Scout Tower
14:30 Scout Tower
14:30 Scout Tower
14:30 Scout Tower
15:33 Guard Tower
16:17 Scout Tower
16:17 Scout Tower
16:19 Scout Tower
16:19 Scout Tower
17:04 Guard Tower
17:05 Guard Tower
17:10 Scout Tower
17:10 Scout Tower
17:11 Scout Tower
17:12 Scout Tower
17:12 Scout Tower
17:14 Scout Tower
17:14 Scout Tower
17:15 Scout Tower
17:15 Scout Tower
17:17 Scout Tower
18:00 Guard Tower
19:54 Guard Tower
19:57 Scout Tower
19:58 Scout Tower
19:58 Scout Tower
19:59 Scout Tower
20:01 Scout Tower
20:02 Scout Tower
20:03 Scout Tower
20:03 Scout Tower
20:04 Scout Tower
20:27 Guard Tower
20:28 Guard Tower
20:57 Guard Tower
21:03 Guard Tower
21:03 Guard Tower
21:25 Guard Tower
21:30 Scout Tower
21:31 Scout Tower
21:33 Scout Tower
21:34 Scout Tower
22:05 Guard Tower
22:06 Scout Tower
22:07 Scout Tower
22:08 Scout Tower
22:11 Scout Tower
23:12 Guard Tower
23:13 Guard Tower
23:50 Scout Tower
23:51 Scout Tower
23:51 Scout Tower
23:53 Scout Tower
23:56 Scout Tower
23:57 Scout Tower
25:46 Guard Tower
25:47 Guard Tower
25:52 Town Hall
28:05 Scout Tower
28:06 Scout Tower
28:06 Scout Tower
28:53 Scout Tower
28:54 Scout Tower
28:54 Scout Tower
29:02 Guard Tower
29:02 Guard Tower
29:03 Scout Tower
29:03 Scout Tower
29:03 Scout Tower
29:36 Guard Tower
30:40 Guard Tower
30:40 Guard Tower
31:10 Guard Tower
37:54 Scout Tower
37:55 Scout Tower
37:56 Scout Tower
37:58 Scout Tower
37:58 Scout Tower
38:57 Guard Tower
38:58 Scout Tower
38:59 Scout Tower
38:59 Scout Tower
39:00 Scout Tower
39:54 Guard Tower
39:54 Guard Tower
46:44 Barracks
46:46 Blacksmith
46:48 Barracks
46:51 Barracks
46:52 Blacksmith
46:57 Gryphon Aviary
47:00 Gryphon Aviary
47:44 Gryphon Aviary
48:59 Farm
49:00 Farm
56:39 Farm
56:40 Farm
56:41 Farm
58:03 Lumber Mill
62:06 Scout Tower
62:09 Scout Tower
62:40 Guard Tower
62:41 Scout Tower
62:43 Scout Tower
63:19 Guard Tower
63:19 Guard Tower
63:27 Scout Tower
63:28 Scout Tower
64:37 Scout Tower
64:38 Scout Tower
67:12 Guard Tower
67:15 Scout Tower
67:16 Scout Tower
67:33 Scout Tower
67:34 Scout Tower
68:06 Guard Tower
68:06 Guard Tower
68:14 Scout Tower
68:36 Guard Tower
68:36 Guard Tower
68:37 Scout Tower
68:37 Scout Tower
69:38 Guard Tower
69:38 Guard Tower
69:39 Scout Tower
72:06 Guard Tower
75:50 Scout Tower
75:50 Scout Tower
78:43 Scout Tower
78:44 Scout Tower
78:45 Scout Tower
78:46 Guard Tower
79:40 Town Hall
» items
                
                | Boots of Speed | 4 |  | 
| Staff of Teleportation | 6 |  | 
| Lesser Clarity Potion | 5 |  | 
| Healing Salve | 2 |  | 
| Staff of Sanctuary | 7 |  | 
| Circlet of Nobility | 1 |  | 
| Scroll of Town Portal | 1 |  | 
| Medallion of Courage | 2 |  | 
| Ancient Janggo of Endurance | 1 |  | 
| Pendant of Energy | 1 |  | 
| Potion of Mana | 1 |  | 
| Pendant of Mana | 2 |  | 
| Claws of Attack +12 | 2 |  | 
| Staff of Silence | 1 |  | 
| Amulet of Spell Shield | 1 |  | 
| Orb of Lightning | 3 |  | 
| Tiny Great Hall | 1 |  | 
                41 total
  
               
              
              
MrFrosty (
blue | 89 APM | 8007 actions | 89:58)
              
 7 Archmage 
 3 Blizzard
 3 Brilliance Aura
 1 Mass Teleport
 7 Blood Mage 
 3 Flame Strike
 2 Siphon Mana
 1 Banish
 1 Summon Phoenix
 
                » actions 
                
                | Assign group hotkey | 29 |  | 
| Basic commands | 271 |  | 
| Build / train | 116 |  | 
| ESC pressed | 12 |  | 
| Enter build submenu | 70 |  | 
| Enter hero's abilities submenu | 15 |  | 
| Give item / drop item | 12 |  | 
| Remove unit from queue | 4 |  | 
| Right click | 4645 |  | 
| Select / deselect | 1015 |  | 
| Select group hotkey | 1341 |  | 
| Use ability | 477 |  | 
                8007 total
 » units 
                
                | Peasant | 22 |  | 
| Priest | 3 |  | 
| Sorceress | 5 |  | 
| Goblin Shredder | 1 |  | 
                31 total
 » upgrades
                
                | Masonry | 3 |  | 
| Lumber Harvesting | 2 |  | 
| Magic Sentry | 1 |  | 
| Sorceress Training | 2 |  | 
| Priest Training | 2 |  | 
                10 total
 » buildings
                
                | Altar of Kings | 2 |  | 
| Farm | 9 |  | 
| Scout Tower | 75 |  | 
| Lumber Mill | 1 |  | 
| Arcane Tower | 10 |  | 
| Guard Tower | 20 |  | 
| Arcane Vault | 1 |  | 
| Keep | 1 |  | 
| Arcane Sanctum | 1 |  | 
| Castle | 1 |  | 
| Town Hall | 4 |  | 
                125 total
 » build order
                00:08 Altar of Kings
00:20 Farm
00:23 Scout Tower
00:42 Lumber Mill
00:54 Arcane Tower
01:32 Farm
01:56 Scout Tower
02:55 Guard Tower
03:17 Scout Tower
03:18 Scout Tower
03:18 Scout Tower
03:19 Scout Tower
03:28 Scout Tower
03:53 Arcane Tower
03:55 Guard Tower
03:56 Scout Tower
03:57 Scout Tower
03:58 Scout Tower
04:31 Guard Tower
04:48 Guard Tower
05:07 Guard Tower
05:31 Scout Tower
05:32 Scout Tower
05:33 Scout Tower
05:41 Arcane Vault
05:52 Scout Tower
05:54 Scout Tower
06:07 Guard Tower
06:20 Guard Tower
06:23 Scout Tower
06:23 Scout Tower
06:24 Scout Tower
06:25 Scout Tower
06:36 Guard Tower
06:51 Guard Tower
06:56 Scout Tower
06:57 Scout Tower
06:58 Scout Tower
07:29 Guard Tower
07:36 Keep
07:37 Arcane Tower
07:38 Scout Tower
07:40 Scout Tower
07:42 Scout Tower
07:49 Scout Tower
08:11 Farm
08:15 Arcane Tower
08:17 Guard Tower
09:24 Scout Tower
09:24 Scout Tower
09:26 Scout Tower
10:32 Guard Tower
10:33 Scout Tower
10:34 Scout Tower
10:35 Scout Tower
10:36 Scout Tower
10:37 Scout Tower
10:44 Arcane Sanctum
10:46 Farm
11:48 Scout Tower
11:49 Scout Tower
11:49 Scout Tower
12:26 Guard Tower
12:27 Arcane Tower
12:28 Guard Tower
12:35 Scout Tower
12:36 Scout Tower
12:37 Scout Tower
12:48 Scout Tower
13:04 Guard Tower
13:09 Scout Tower
13:10 Scout Tower
13:11 Scout Tower
13:29 Guard Tower
14:05 Guard Tower
14:08 Scout Tower
14:09 Scout Tower
14:10 Scout Tower
14:53 Guard Tower
14:55 Scout Tower
14:56 Scout Tower
14:57 Scout Tower
14:58 Scout Tower
15:00 Scout Tower
15:12 Scout Tower
15:50 Arcane Tower
15:53 Castle
16:01 Scout Tower
16:02 Scout Tower
16:08 Scout Tower
16:09 Scout Tower
16:13 Scout Tower
16:14 Scout Tower
17:10 Guard Tower
20:38 Town Hall
20:53 Scout Tower
20:55 Scout Tower
20:55 Scout Tower
21:01 Scout Tower
21:04 Scout Tower
21:04 Scout Tower
21:05 Scout Tower
21:23 Guard Tower
28:00 Altar of Kings
28:01 Farm
28:02 Farm
28:02 Farm
28:52 Farm
28:55 Farm
38:02 Town Hall
38:31 Town Hall
43:37 Town Hall
46:57 Scout Tower
48:31 Arcane Tower
86:24 Scout Tower
86:25 Scout Tower
86:26 Scout Tower
86:26 Scout Tower
87:00 Arcane Tower
87:17 Arcane Tower
88:26 Arcane Tower
89:10 Scout Tower
89:11 Scout Tower
89:13 Scout Tower
89:14 Scout Tower
» items
                
                | Staff of Teleportation | 2 |  | 
| Boots of Speed | 2 |  | 
| Scroll of Regeneration | 1 |  | 
| Lesser Clarity Potion | 1 |  | 
| Dust of Appearance | 1 |  | 
| Potion of Mana | 2 |  | 
| Khadgar's Gem of Health | 2 |  | 
| Legion Doom-Horn | 1 |  | 
| Potion of Healing | 2 |  | 
| Scroll of Town Portal | 2 |  | 
| Staff of Sanctuary | 2 |  | 
| Orb of Lightning | 2 |  | 
| Staff of Silence | 1 |  | 
                21 total
  
                Chat log
          (00:32 / All) 00000000000000: sup playas
(00:34 / All) kunt.roII: ^_^
(00:43 / All) ball_sweets: GL HF GG
(00:44 / All) MountainSplooge: gl 2 u
(00:44 / Allies) kunt.roII: 75% hackers
(00:48 / Allies) MrFrosty: oh
(00:50 / Allies) MrFrosty: great
(00:50 / All) kunt.roII: plz no hacks ok? gg hf fair game :)
(01:00 / Allies) kunt.roII: i dont
(01:02 / All) MountainSplooge: watch ur mouth then
(01:05 / All) kunt.roII: O k
(01:10 / All) 00000000000000: okay but after u win can u leave for us? :O
(01:15 / All) kunt.roII:  :) sure
(01:18 / All) 00000000000000: ty
(01:41 / Allies) kunt.roII: NICE!
(01:41 / Allies) MrFrosty: nice position
(01:47 / Allies) MrFrosty: i like having to run further
(02:23 / Allies) kunt.roII: go to tavern plz
(02:25 / Allies) kunt.roII: i forget hero
(02:29 / Allies) kunt.roII: dumb friends dad talking to me..
(02:31 / Allies) MrFrosty: .,,
(03:35 / Allies) kunt.roII: gonna get staff first
(03:38 / Allies) MrFrosty: ok
(04:32 / Allies) kunt.roII: omw
(05:17 / Allies) kunt.roII: that sucks
(05:48 / Allies) MrFrosty: thinking you're right about hacks
(05:51 / Allies) kunt.roII: aye
(05:58 / Allies) MrFrosty: are they 75% though?
(06:01 / Allies) kunt.roII: i dont know
(06:04 / Allies) MrFrosty: oh
(06:19 / All) MountainSplooge: bad idea
(06:20 / All) MountainSplooge: ;D
(06:44 / All) kunt.roII: :)
(06:46 / All) MountainSplooge: =D
(06:48 / All) MountainSplooge: gg u win
(06:57 / All) kunt.roII: :)
(07:03 / All) kunt.roII: LOL
(07:07 / All) kunt.roII: u guys are so good xD
(07:55 / Allies) MrFrosty: nice
(08:17 / All) kunt.roII: u should try to hack less tbqh
(08:21 / All) 00000000000000: :O
(08:24 / All) kunt.roII: veyr unbecoming of u
(08:28 / All) 00000000000000: who
(08:30 / All) MountainSplooge: your kidding?
(08:31 / All) kunt.roII: u
(08:32 / All) MountainSplooge: save replay
(08:32 / All) ball_sweets: or more, until it starts working
(08:33 / All) 00000000000000: me?
(08:40 / All) MountainSplooge: ur just horrible
(08:41 / All) 00000000000000: if im hack i see ur bm kill my dk
(08:48 / Allies) kunt.roII: hex
(08:53 / Allies) MrFrosty: sleep
(09:01 / All) MountainSplooge: u hack
(09:06 / All) MountainSplooge: u killed my unit
(09:15 / Allies) kunt.roII: check their expo
(09:20 / Allies) kunt.roII: get
(09:21 / Allies) kunt.roII: burorws
(09:59 / Allies) MrFrosty: there?
(10:10 / Allies) kunt.roII: here too
(10:15 / Allies) kunt.roII: on me
(10:19 / All) 00000000000000: nice mh lol
(10:21 / All) 00000000000000: wow
(10:28 / All) 00000000000000: if that not mh..
(10:46 / All) kunt.roII: its not like i was watching u as i cast spells on i 
(10:52 / All) kunt.roII: i do everything by minimap
(11:07 / Allies) MrFrosty: lol
(11:12 / Allies) kunt.roII: gob
(11:13 / Allies) kunt.roII: hit expos
(11:23 / Allies) kunt.roII: just tower out to it imo frosty
(11:29 / Allies) MrFrosty: destros
(11:40 / Allies) kunt.roII: welp.
(12:21 / Allies) kunt.roII: gank middle imo
(12:26 / Allies) kunt.roII: they prob creepin it
(12:48 / Allies) kunt.roII: interesting
(12:53 / Allies) kunt.roII: creeping that item
(12:53 / All) MountainSplooge: MHER
(13:07 / All) kunt.roII: um
(13:08 / All) kunt.roII: haha?
(13:20 / Allies) kunt.roII: flared me base
(13:21 / All) MountainSplooge: u need it more tahn us
(13:33 / All) MountainSplooge: wow ur bad
(13:36 / Allies) MrFrosty: oh a fiend
(13:39 / Allies) MrFrosty: mebe not hacks?
(13:51 / All) 00000000000000: LOL
(13:57 / Allies) MrFrosty: yeah
(14:01 / All) 00000000000000: gj
(15:25 / Allies) MrFrosty: greens not hacking atleast
(15:54 / Allies) kunt.roII: ]taruen
(15:57 / Allies) kunt.roII: they only got the 1 expo at least
(16:03 / Allies) kunt.roII: and they in upkeep
(16:09 / Allies) kunt.roII: so they dont have alot of gold..even if they hurt us hard its not too bad
(16:27 / Allies) kunt.roII: tt
(16:31 / Allies) MrFrosty: welp
(16:41 / Allies) MrFrosty: coming real soon gob
(16:49 / All) kunt.roII: sup
(17:00 / All) 00000000000000: NICE MH
(17:03 / All) 00000000000000: hahaah
(17:05 / All) kunt.roII: :)
(17:25 / Allies) kunt.roII: get another shop imo
(17:36 / Allies) kunt.roII: bat it
(17:43 / Allies) kunt.roII: why
(17:49 / Allies) kunt.roII: then kill red
(17:56 / Allies) kunt.roII: ill go for his workers
(18:04 / Allies) kunt.roII: frosty get orb if uc an
(18:22 / Allies) kunt.roII: hes got no aa
(18:24 / Allies) kunt.roII: gio for it
(19:17 / Allies) kunt.roII: red out of game
(19:22 / Allies) MrFrosty: real nice
(19:27 / Allies) kunt.roII: bring bats back now
(19:28 / Allies) kunt.roII: kill wyrm
(19:48 / All) kunt.roII: red u dead
(19:49 / All) kunt.roII: get it LOL
(20:05 / All) 00000000000000: ya
(20:14 / Allies) kunt.roII: gob just get t3 for me
(20:18 / Allies) kunt.roII: ill feed u if u needc it
(20:48 / All) kunt.roII: get those drophacks ready guys!
(20:53 / All) MountainSplooge: mmk
(20:58 / All) 00000000000000: lol kk mh
(21:40 / Allies) kunt.roII: nope
(21:46 / Allies) MrFrosty: yah thats mine
(21:47 / Allies) kunt.roII: i have like 100000 gold of items to buy still
(21:59 / Allies) kunt.roII: omw
(22:12 / All) ggjoi: LOL
(22:36 / Allies) ball_sweets: gold to make main would be cool too
(23:08 / Allies) kunt.roII: sorry i got raped!
(23:15 / Allies) ball_sweets: gold for main thx
(23:21 / Allies) kunt.roII: i got no gold
(23:22 / Allies) kunt.roII: thx
(23:25 / Allies) kunt.roII: i just gave u  a ton
(23:57 / All) MountainSplooge: this is fun
(23:58 / All) MountainSplooge: WEE
(24:00 / All) kunt.roII: i agree
(24:07 / All) ggjoi: wow u guys r really shit
(24:13 / All) ggjoi: ams tower lol
(24:17 / All) ggjoi: taht could improve ur micros
(25:40 / Allies) kunt.roII: omw to base
(25:53 / Allies) kunt.roII: nope
(25:54 / Allies) kunt.roII: getting expo
(26:09 / Allies) kunt.roII: and endru
(26:10 / Allies) kunt.roII: then i gold u
(26:15 / Allies) MrFrosty: this is fucked ugh
(26:19 / Allies) kunt.roII: omw to annoy them
(26:20 / Allies) MrFrosty: (my base)
(26:25 / Allies) kunt.roII: get some shit out"?
(26:29 / Allies) MrFrosty: yeah i will
(26:31 / Allies) kunt.roII: invis worker
(26:37 / Allies) MrFrosty: tping out as late as possible
(28:18 / All) MountainSplooge: nice hall
(28:22 / All) MountainSplooge: teal
(28:32 / All) kunt.roII: nice fiend
(28:33 / All) kunt.roII: red
(28:37 / All) 00000000000000: NICE
(28:38 / All) 00000000000000: SEX
(28:42 / All) kunt.roII: ^_))))))^^
(28:43 / All) 00000000000000: i like ur butt
(29:59 / Allies) kunt.roII: kk
(30:25 / All) ggjoi: LOL
(30:44 / All) ggjoi: we aint scared noobs
(30:48 / Allies) kunt.roII: inner fire is gay!
(30:54 / All) 00000000000000: all the towers dying remind me of uber levelling a level 90+ in uber trist
(31:01 / All) ggjoi: LOL
(31:01 / All) kunt.roII: LOL
(31:05 / All) ball_sweets: LOL
(31:09 / All) MountainSplooge: this isnt a td
(31:13 / All) kunt.roII: yes it is
(31:14 / All) 00000000000000: thats d2
(31:39 / All) 00000000000000: go for altar :/
(31:55 / All) MountainSplooge: ROFL
(31:56 / All) MountainSplooge: MH MUCH?
(32:19 / All) MountainSplooge: lol nice lvl 4
(32:21 / All) MountainSplooge: ahahhaah
(33:33 / All) kunt.roII: lmao
(34:17 / Allies) kunt.roII: taruen
(34:39 / Allies) kunt.roII: mana me
(34:39 / All) 00000000000000: rofl
(34:40 / All) ggjoi: OLL
(34:40 / Allies) kunt.roII: mk
(35:39 / Allies) kunt.roII: gobs get hero
(35:40 / Allies) kunt.roII: check excpos
(35:43 / Allies) kunt.roII: or use bats
(36:19 / Allies) MrFrosty: welp
(36:48 / Allies) kunt.roII: gay shit
(37:40 / Allies) kunt.roII: bat that shit
(37:46 / Allies) MrFrosty: 300 gold for a hall
(38:17 / All) 00000000000000: we would be a good 6v6 tea
(38:18 / All) 00000000000000: team
(38:23 / Allies) MrFrosty: oh
(38:23 / Allies) kunt.roII: +12
(39:26 / Allies) kunt.roII: no
(39:28 / Allies) kunt.roII: let pally alone
(39:50 / All) kunt.roII: weee
(39:50 / Allies) MrFrosty: nice
(40:05 / All) ggjoi: LOLZ
(40:19 / Allies) kunt.roII: omw
(40:26 / Allies) MrFrosty: ugh
(40:43 / Allies) kunt.roII: \kill am
(40:47 / Allies) kunt.roII: no tp
(41:06 / Allies) MrFrosty: oh shit
(41:41 / All) 00000000000000: LOL
(41:48 / All) kunt.roII: LOL
(41:57 / Allies) kunt.roII: yaya silance staff
(42:27 / Allies) MrFrosty: i can invis peons if u want
(42:34 / Allies) MrFrosty: ok
(42:47 / Allies) kunt.roII: evasion
(43:08 / Allies) kunt.roII: yo
(43:14 / Allies) kunt.roII: gobs i got claws once u use that hall
(43:15 / Allies) MrFrosty: can u scan?
(43:22 / Allies) kunt.roII: and sell ur +6 ill give u  +12
(43:24 / Allies) kunt.roII: tyen buy orbs
(43:54 / Allies) MrFrosty: true sight towers ugh
(44:07 / Allies) kunt.roII: in my inventory
(44:12 / Allies) kunt.roII: lets kill someone here
(44:17 / Allies) kunt.roII: nvm
(44:18 / All) 00000000000000: i dunno why we bother pinging if u guys can see it anyway
(44:27 / All) kunt.roII: lol wut
(44:31 / All) 00000000000000: lol yarly
(44:45 / Allies) kunt.roII: hes towering top now..
(44:50 / All) MountainSplooge: LOL I KNOW HOW TO REPORT
(44:51 / All) MountainSplooge: ahahah
(44:52 / Allies) MrFrosty: o
(44:53 / Allies) kunt.roII: harass that frosty?
(44:56 / Allies) kunt.roII: fstrike thru side
(45:04 / Allies) kunt.roII: lets kill SH
(45:09 / Allies) kunt.roII: staff to me
(45:18 / Allies) MrFrosty: jesus no wonder that sh never runs out of mana
(45:54 / Allies) kunt.roII: wtf
(46:02 / Allies) kunt.roII: jesj christ what the hell
(46:08 / Allies) kunt.roII: did he silence?
(46:32 / Allies) kunt.roII: should we go for a perch
(46:36 / Allies) kunt.roII: imo yeah but we need more gold...
(46:37 / Allies) MrFrosty: cant yet
(46:41 / Allies) MrFrosty: yeah
(47:21 / Allies) MrFrosty: big hp mana and claws
(47:44 / All) MountainSplooge: you say we hack
(47:46 / All) MountainSplooge: hahah
(47:48 / All) kunt.roII: ??? ? ? ? 
(47:52 / Allies) MrFrosty: oh
(47:52 / All) ggjoi: noobs are ufnny
(47:53 / All) kunt.roII: omg green hac
(48:03 / Allies) MrFrosty: oh well got enough
(48:18 / Allies) kunt.roII: save bats..
(48:30 / Allies) kunt.roII: with what gold
(48:32 / All) ggjoi: LOLZ
(48:36 / Allies) kunt.roII: 1 more
(49:19 / Allies) MrFrosty: least green is mining huge amounts in high
(49:46 / Allies) kunt.roII: i got another claw fyi
(49:48 / Allies) kunt.roII: i dun want it
(51:27 / All) kunt.roII: oh fuck
(51:27 / All) ggjoi: LOL
(51:28 / All) kunt.roII: T.T
(51:29 / All) MountainSplooge: AHAHHA
(51:29 / All) MountainSplooge: CUNT
(51:32 / All) MountainSplooge: u suck dick
(51:34 / Allies) kunt.roII: gay delay
(51:36 / All) kunt.roII: LOL
(51:38 / All) 00000000000000: lol that was swift rape
(51:41 / All) ggjoi: WTF Lol
(51:43 / All) MountainSplooge: OLOLOL
(51:48 / Allies) kunt.roII: can someone work on this
(51:50 / Allies) kunt.roII: clear some forest
(51:51 / All) MountainSplooge: HI
(51:52 / All) MountainSplooge: NOOB
(51:53 / All) ggjoi: u guys really suck
(51:54 / All) ggjoi: LOL
(51:58 / Allies) kunt.roII: plz. . . .
(51:58 / All) ggjoi: cant even micro a hero ><
(52:07 / Allies) kunt.roII: forsty can u get a shredder and a couple of my workers up there
(52:09 / All) 00000000000000: all blue does is micro heroes
(52:14 / Allies) MrFrosty: yeah
(52:17 / All) kunt.roII: ? ? 
(52:41 / All) ggjoi: LOL
(52:42 / Allies) kunt.roII: hurrr
(53:15 / All) kunt.roII: sup
(53:20 / All) 00000000000000: lol
(53:26 / All) 00000000000000: ur base is fucking stacked
(53:26 / All) MountainSplooge: why you have no life?
(53:27 / All) MountainSplooge: lol
(53:31 / All) kunt.roII: ? ? ?
(53:32 / All) ggjoi: ORC BM! LOL
(53:37 / All) kunt.roII: too bad u dont have any WYRMS
(53:42 / All) ggjoi: re
(53:44 / All) ggjoi: really?
(53:45 / All) ggjoi: HAHAHA
(53:52 / All) 00000000000000: who need wyrms
(53:54 / All) 00000000000000: when u have sex
(54:04 / Allies) MrFrosty: why did you do that instead of going for a kill
(54:25 / Allies) MrFrosty: ugh need silence
(54:33 / Allies) kunt.roII: i go tit
(54:36 / Allies) MrFrosty: good
(54:51 / Allies) MrFrosty: ty
(55:04 / Allies) kunt.roII: no mana
(55:19 / All) MountainSplooge: thx for full mana
(55:21 / All) MountainSplooge: k lOLol
(55:54 / Allies) kunt.roII: can u give me panda man
(55:55 / Allies) kunt.roII: man
(55:56 / Allies) kunt.roII: a
(56:05 / Allies) kunt.roII: then i ll pick up pendant
(56:09 / All) MountainSplooge: c ur bm
(56:10 / All) MountainSplooge: AHAHAH
(56:46 / Allies) kunt.roII: flare?
(57:05 / Allies) kunt.roII: free exp
(57:06 / Allies) kunt.roII: gobs
(57:09 / Allies) kunt.roII: shreedder
(57:25 / All) MountainSplooge: can u mh more pls?
(57:31 / All) 00000000000000: na not possible
(57:32 / All) ball_sweets: we could
(57:37 / All) MountainSplooge: im reporting u
(57:42 / All) kunt.roII: k
(57:43 / All) MountainSplooge: for taking up soo much of my time 
(57:51 / Allies) kunt.roII: did they see?\
(57:58 / Allies) MrFrosty: no
(58:12 / Allies) kunt.roII: u still gotta manual a
(58:22 / Allies) MrFrosty: i was going to let you harvest ther est
(58:34 / Allies) MrFrosty: but i guess we dont need anymore lumber really
(58:44 / Allies) kunt.roII: aye
(58:52 / Allies) MrFrosty: im going to work on oranges main
(59:04 / Allies) kunt.roII: tiny hall this?
(59:19 / Allies) kunt.roII: ill do it i guess
(59:53 / Allies) kunt.roII: what
(59:56 / All) MountainSplooge: ahah cunt
(60:02 / Allies) kunt.roII: did u cancel that?
(60:04 / All) 00000000000000: LEAVEPLS!!!
(60:07 / Allies) MrFrosty: jesus hex is a joke
(60:07 / All) 00000000000000: :o
(60:22 / All) kunt.roII: where u go orange
(60:24 / All) kunt.roII: i cum 
(60:29 / Allies) MrFrosty: hes going to be wave harrassing soon fyi
(60:37 / Allies) MrFrosty: he retrained
(60:43 / Allies) MrFrosty: yeah thats good
(60:44 / Allies) kunt.roII: to what
(60:47 / Allies) kunt.roII: KILL
(60:51 / Allies) kunt.roII: i cant scan
(60:52 / Allies) kunt.roII: tt
(60:53 / All) 00000000000000: HAX
(60:56 / All) ball_sweets: 2ez
(61:01 / Allies) MrFrosty: oh sappers
(61:03 / All) ggjoi: LOL
(61:07 / All) 00000000000000: INVIS PEAS
(61:08 / All) 00000000000000: FTW
(61:25 / All) kunt.roII: lmao
(61:38 / Allies) kunt.roII: :)
(61:38 / Allies) MrFrosty: no altar
(61:41 / Allies) MrFrosty: it will be a while
(61:52 / All) ggjoi: LOL'
(61:53 / All) 00000000000000: LOSE MORE
(61:54 / All) 00000000000000: LOL
(61:55 / Allies) kunt.roII: dont 
(61:57 / Allies) kunt.roII: lure hawks
(61:58 / Allies) kunt.roII: u noob
(62:11 / All) 00000000000000: WOW
(62:15 / All) 00000000000000: WASTE MORE
(62:17 / All) ggjoi: LOL
(62:21 / All) ggjoi: 3/3
(62:27 / Allies) MrFrosty: oranges main is gone for what its worth
(62:57 / Allies) kunt.roII: kill these towers?
(63:04 / Allies) kunt.roII: spin?
(63:11 / Allies) kunt.roII: or is there no room in this side
(63:30 / Allies) MrFrosty: tt
(63:35 / All) ggjoi: exp!
(63:50 / All) 00000000000000: WHERES UR AOE
(63:56 / Allies) kunt.roII: get MK
(64:18 / Allies) MrFrosty: oj is coming
(64:43 / Allies) kunt.roII: i got most of top anyways
(64:56 / Allies) kunt.roII: any creeps left for mk?
(65:02 / All) ball_sweets: thanks for the gold red
(65:03 / Allies) MrFrosty: ring +3
(65:12 / All) 00000000000000: cheap sex
(65:13 / All) 00000000000000: ?
(66:27 / Allies) kunt.roII: k
(66:33 / All) kunt.roII: nice towers
(66:39 / All) 00000000000000: TY
(66:40 / All) MountainSplooge: LOL
(66:41 / All) MountainSplooge: TY
(66:42 / All) MountainSplooge: GG
(66:44 / All) MountainSplooge: U LOSE
(66:45 / All) MountainSplooge: LOL
(66:52 / All) kunt.roII: maybe if u drop
(66:56 / All) kunt.roII: but thats always hilarious imo
(67:02 / All) ggjoi: lol this is fun
(67:04 / All) 00000000000000: ??
(67:07 / All) 00000000000000: sex man
(67:08 / All) 00000000000000: sex
(67:15 / All) ggjoi: AIR LOL
(67:19 / All) MountainSplooge: ROFL
(67:21 / All) 00000000000000: wyvern vs barrages 3/3 tanks LOL
(67:23 / All) MountainSplooge: ahahahahah
(67:33 / All) MrFrosty: lol what else can we do??
(67:36 / All) ball_sweets: why would wyvs attack tanks?
(67:39 / All) MountainSplooge: LOSE
(67:39 / All) 00000000000000: get some
(67:40 / All) kunt.roII: ';,,,,,,;'
(67:41 / All) 00000000000000: mortars
(67:42 / All) MountainSplooge: LIKE THE TRASH U ARE
(67:42 / All) 00000000000000: and
(67:44 / All) 00000000000000: kill our tanks
(67:52 / All) ball_sweets: why bother tanks do nothing
(67:53 / All) 00000000000000: after all they are moving buildings!
(67:54 / All) kunt.roII: mortars are kinda trashy
(68:00 / All) kunt.roII: they need to clean up that beard
(68:01 / Allies) MrFrosty: silence staff over ehre
(68:05 / Allies) MrFrosty: i should prob. get it
(68:17 / Allies) MrFrosty: 300 gold
(68:19 / Allies) MrFrosty: plz
(68:26 / Allies) kunt.roII: gobs give
(68:29 / Allies) kunt.roII: im low on golb
(68:31 / Allies) MrFrosty: and a jango too but no room tt
(69:24 / Allies) MrFrosty: that was real good for us
(69:34 / All) kunt.roII: Hm
(69:42 / All) kunt.roII: maybe next time
(69:54 / Allies) kunt.roII: 1 sec
(69:59 / Allies) kunt.roII: where is he
(70:03 / Allies) kunt.roII: omw
(70:14 / Allies) kunt.roII: go
(70:29 / All) kunt.roII: nice tav revive
(71:17 / All) kunt.roII: Lmao
(71:23 / Allies) kunt.roII: staff here
(71:32 / Allies) kunt.roII: no bolt mana
(71:35 / Allies) MrFrosty: oh
(71:57 / All) kunt.roII: LoL
(72:08 / All) kunt.roII: lol noobs
(72:11 / All) kunt.roII: hiding behind towers
(72:15 / All) 00000000000000: lol
(72:18 / All) MountainSplooge: LOL
(72:19 / All) MountainSplooge: lol
(72:19 / All) kunt.roII: so pusy
(72:24 / All) MountainSplooge: gg
(72:57 / All) 00000000000000: wow nice
(73:00 / All) kunt.roII: lmao
(73:05 / All) 00000000000000: smart play
(73:05 / All) 00000000000000: lol
(73:52 / All) ball_sweets: well you had a good try
(74:08 / All) kunt.roII: time to start up that drop hack
(74:13 / All) MrFrosty: most people dont come that close to winning so gj
(74:26 / All) 00000000000000: wuts ur guys rec
(74:38 / Allies) MrFrosty: am is back
(74:44 / All) kunt.roII: well
(74:46 / All) kunt.roII: now we 1-8
(74:58 / Allies) MrFrosty: welp
(77:36 / All) kunt.roII: hi
(77:47 / Allies) kunt.roII: armor aura ';,,,;'
(77:53 / All) MountainSplooge: nice hide
(78:32 / All) ball_sweets: its so tough to kill towers
(78:35 / Allies) kunt.roII: ill bring hawk
(78:36 / All) ball_sweets: impossible
(80:03 / Allies) kunt.roII: oops
(80:24 / All) kunt.roII: sup
(80:39 / Allies) MrFrosty: lol
(80:41 / All) ball_sweets: 412!
(80:44 / All) kunt.roII: :)
(80:52 / All) kunt.roII: 2ez
(80:53 / All) MrFrosty: 2 e z?
(80:56 / All) ball_sweets: 2ez :)
(80:58 / All) MountainSplooge: rematch?
(81:03 / All) MountainSplooge: no didnt think so
(81:04 / All) MountainSplooge: ur shit
(81:05 / All) ball_sweets: nah we only play noobs once
(81:05 / All) kunt.roII: LOL
(81:07 / All) MrFrosty: 1 v 1?
(81:09 / All) MrFrosty: noob?
(81:10 / All) kunt.roII: who rematches 3v3 lmao
(81:10 / All) MountainSplooge: idc bout this accnt
(81:11 / All) ball_sweets: why play a noob twice
(81:17 / All) kunt.roII: and orange
(81:19 / Allies) kunt.roII: does that mean
(81:21 / All) kunt.roII: does that mean
(81:25 / All) kunt.roII: u actually care about any account.
(81:26 / All) kunt.roII: lmao
(81:33 / All) MountainSplooge: ur noob LoL
(81:38 / All) MrFrosty: 1v1?
(81:39 / All) kunt.roII: hm.
(82:02 / All) 00000000000000: gg
(82:06 / All) MrFrosty: why you gotta dodge?
(82:08 / All) kunt.roII: red was here the hwole time lmao
(82:10 / All) MrFrosty: why wont you 1v1 me?
(82:26 / All) MountainSplooge: ur waste of more time
(82:28 / All) MountainSplooge: i would own u
(82:29 / All) kunt.roII: LOL
(82:32 / All) MrFrosty: you wanted a rematch
(82:41 / All) kunt.roII: so how about them dodgers
(83:28 / All) MrFrosty: you dont want to 1v1 b/c its a waste of time but you're willing to sit here?
(83:33 / All) kunt.roII: haha
(83:34 / All) MrFrosty: while we finish you off
(83:36 / All) kunt.roII: sit here and lose
(84:15 / Allies) kunt.roII: omw with cloud
(84:31 / All) kunt.roII: im still waiting for drophack tbqh
(84:37 / All) kunt.roII: plz dont dissapoint
(85:08 / All) MrFrosty: ive been drophacked the last 2 games ive played
(85:10 / All) MrFrosty: make it 3 in a row
(85:28 / Allies) MrFrosty: i got drophacked in a 1v1 v some 75% scrub
(85:51 / Allies) MrFrosty: he actually didnt have any ties in his game history
(85:51 / All) MountainSplooge: aww u won
(85:56 / All) MountainSplooge: dam last tower
(85:56 / All) MrFrosty: 1v1?
(85:57 / All) MrFrosty: noob
(85:59 / All) kunt.roII: O WAIT
(86:08 / All) MrFrosty: haha you are willing to hide buildings but not 1v1
(86:15 / All) MrFrosty: dont want to waste any valuable time
(86:35 / Allies) MrFrosty: heroes
(86:49 / All) kunt.roII: yes attack me pallky
(86:54 / All) MountainSplooge: AAHAHAH
(87:01 / All) kunt.roII: did u make an isladn
(87:06 / All) kunt.roII: because if u did its not as good as ours
(87:08 / Allies) MrFrosty: prob just a hidden hall
(87:13 / All) MountainSplooge: i know
(87:14 / All) MountainSplooge: its better
(87:30 / All) kunt.roII: lol u did thats awesome
(87:32 / Allies) MrFrosty: heroes
(87:56 / All) MrFrosty: thanks for the tp
(88:02 / All) MountainSplooge: np
(88:21 / Allies) MrFrosty: tped onto land imo
(88:38 / All) MountainSplooge: lol mh much?
(88:42 / All) kunt.roII: drophack plz
(88:43 / All) kunt.roII: here it cums
(88:44 / All) ball_sweets: not really
(88:46 / All) MountainSplooge: LoL
(88:49 / All) MountainSplooge: yeah
(88:50 / All) MountainSplooge: u mh
(88:56 / All) MountainSplooge: lol
(88:56 / All) MountainSplooge: lol
(88:57 / All) MrFrosty: "watch replay"
(89:06 / All) kunt.roII: it could be that were just better than u
(89:12 / All) kunt.roII: (which is why ur afriad to 1v1)
(89:14 / All) MountainSplooge: not by a long shot
(89:20 / All) MountainSplooge: ur a kunt
(89:22 / All) MountainSplooge: like ur name
(89:23 / All) MountainSplooge: LOL
(89:24 / All) MountainSplooge: GG
(89:29 / All) kunt.roII: oh my
(89:39 / All) kunt.roII: anyways thanks for this game
(89:45 / All) kunt.roII: always fun to destroy lil noobies like u
(89:46 / All) MountainSplooge: AHAHAHA
(89:48 / All) MountainSplooge: YEA
(89:50 / All) MountainSplooge: ROFL
(89:50 / All) MountainSplooge: ROFL
(89:51 / All) MountainSplooge: ROFL
(89:52 / All) MountainSplooge: ROFL
(89:53 / All) MrFrosty: 1v1?
(89:53 / All) MountainSplooge: U MH
(89:54 / All) MountainSplooge: ROFL
(89:57 / All) MountainSplooge: UR TRASH
(89:57 / All) MountainSplooge: AHAHHA